 Dungeon Crawl Stone Soup version 0.29.1-15-g9cfb28693d (webtiles) character file.

Game seed: 9554763671131346792

23 Heoruswealwe the Digger (level 2, 15/15 HPs)
             Began as a Deep Elf Earth Elementalist on Apr 4, 2023.
             Was an Initiate of Gozag.
             Got out of the dungeon alive.
             The game lasted 00:05:40 (524 turns).

Heoruswealwe the Digger (DEEE)                       Turns: 524, Time: 00:05:41

Health: 15/15      AC:  3    Str:  5    XL:     2   Next: 72%
Magic:  6/8        EV: 12    Int: 19    God:    Gozag
Gold:   41         SH:  0    Dex: 15    Spells: 5/8 levels left

rFire   . . .      SeeInvis .   (no weapon)
rCold   . . .      Faith    .   (no shield)
rNeg    . . .      Spirit   .   a - +0 robe
rPois   .          Reflect  .   j - +0 helmet
rElec   .          Harm     .   (no cloak)
rCorr   .          Rampage  .   (no gloves)
Will    .....                   (no boots)
Stlth   ++........              (no amulet)
HPRegen 0.05/turn               (no ring)
MPRegen 0.11/turn               (no ring)

@: no status effects
A: no striking features
a: Renounce Religion, Potion Petition, Call Merchant, Bribe Branch


You escaped.
You worshipped Gozag.
Gozag was noncommittal.
You visited 1 branch of the dungeon, and saw 1 of its levels.

You collected 41 gold pieces.

Inventory:

Armour
 a - a +0 robe (worn)
 i - a +0 robe
 j - a +0 helmet (worn)
Scrolls
 e - 2 scrolls of identify {unknown}
 f - a scroll of teleportation {unknown}
 g - a scroll of magic mapping {unknown}
 h - a scroll of summoning {unknown}
Potions
 b - 2 potions of magic
 c - 3 potions of degeneration {unknown}
 d - a potion of curing {unknown}


   Skills:
 - Level 2.4 Dodging
 - Level 2.4 Stealth
 + Level 3.9 Spellcasting
 - Level 1.1 Transmutations
 + Level 3.9 Earth Magic


You had 5 spell levels left.
You knew the following spells:

 Your Spells              Type           Power      Damage    Failure   Level
a - Sandblast             Erth           36%        2d10      2%          1
z - Passwall              Tmut/Erth      10%        N/A       8%          2

Your spell library contained the following spells:

 Spells                   Type           Power      Damage    Failure   Level
 Stone Arrow              Conj/Erth      22%        3d8       19%         3
 Petrify                  Tmut/Erth      13%        N/A       43%         4
 Conjure Ball Lightning   Conj/Air       1%         3x3d6     100%        6
 Discord                  Hex            1%         N/A       100%        8
 Disjunction              Tloc           1%         N/A       100%        8


Dungeon Overview and Level Annotations

Branches:
Dungeon (1/15)

Altars:
Gozag


Message History

The blast of sand hits the endoplasm!
You kill the endoplasm!
You start putting on your armour.
You continue putting on your +0 helmet. x4
You finish putting on your +0 helmet.
As you open the door, it creaks loudly!
Found 4 gold pieces.
There is an open door here.
You now have 37 gold pieces (gained 4).
You open the door.
Found a faded altar of an unknown god.
There is an open door here.
There is a faded altar of an unknown god here.
You cannot tell which god this altar belongs to.
Convert to them anyway?
Gozag accepts your prayer! Gozag welcomes you!
Gozag waives the service fee.
There is an open door here.
There is an open door here.
You open the door.
There is an open door here.
A bat comes into view.
The blast of sand hits the bat.
The bat is severely wounded.
The bat barely misses you.
You barely miss the bat.
The bat is heavily wounded.
The bat hits you.
The blast of sand hits the bat!
You kill the bat!
You now have 41 gold pieces (gained 4).
Casting: Sandblast (safe; 2% risk of failure)
Confirm with . or Enter, or press ? or * to list all spells.
Aiming: Passwall (safe; 8% risk of failure)
Press: ? - help, Dir - move target A rock wall.
You begin to meditate on the wall.
You continue meditating on the rock. x2
You finish merging with the rock.
There is a staircase leading out of the dungeon here.
Are you sure you want to leave the Dungeon?
This will make you lose the game!
You have escaped!

.♣♣♣..#..'.##.........#
......#..#............#
......#..###..........#
#######..#
##........############
.........# ########.#
#......... .........#
#.# #.........
########## #.#
#......... #######.#
#......... #..@..#.#
########## ##...##.# #
#.###.#..### ####
#8'''8##...## #...
###.######..#####.##
#.###.......#.....
#.............#.##
#####......#..#...
#......#....#.


There were no monsters in sight!

Vanquished Creatures
  A dart slug (D:1)
  5 bats (D:1)
  2 endoplasms (D:1)
  A giant cockroach (D:1)
  A goblin (D:1)
  A hobgoblin (D:1)
  2 ball pythons (D:1)
  A frilled lizard (D:1)
  3 kobolds (D:1)
  2 rats (D:1)
19 creatures vanquished.

Notes
Turn   | Place    | Note
-------+----------+-------------------------------------------
     0 | D:1      | Heoruswealwe the Deep Elf Earth Elementalist began the
                  | quest for the Orb.
     0 | D:1      | Reached XP level 1. HP: 10/10 MP: 6/6
   242 | D:1      | Reached XP level 2. HP: 15/15 MP: 4/8
   245 | D:1      | Learned a level 2 spell: Passwall
   466 | D:1      | Found a faded altar of an unknown god.
   469 | D:1      | Prayed at the altar of an unknown god.
   469 | D:1      | Became a worshipper of Gozag Ym Sagoz the Greedy
   524 | D:$      | Got out of the dungeon alive.

Illustrated notes

Levels and vault maps discovered:
D:1:      saegor_arrival_simple_c, layout_basic,
          hellmonk_ecumenical_altar_inner_sanctum

Action                   || total
-------------------------++-------
Melee: Unarmed           ||     2
 Cast: Sandblast         ||    21
       Passwall          ||     1
Armor: Robe              ||     2
Dodge: Dodged            ||     7
